 Dungeon Crawl Stone Soup version 0.28-a0-1406-ga8dd43b1d0 (webtiles) character file.

Game seed: 8437653075977980174

11697 Deminshera the Destroyer (level 11, -50/94 HPs)
             Began as a Pale Draconian Conjurer on Jan 6, 2022.
             Was a Priest of Vehumet.
             Annihilated by a boulder beetle (55 damage)
             ... on level 11 of the Dungeon.
             The game lasted 00:30:21 (17234 turns).

Deminshera the Destroyer (Pale Draconian Conjurer) Turns: 17234, Time: 00:30:22

Health: -50/94     AC: 11    Str:  9    XL:     11   Next: 52%
Magic:  11/24      EV: 10    Int: 29    God:    Vehumet [***...]
Gold:   278        SH: 10    Dex: 10    Spells: 1/29 levels left

rFire   . . .      SeeInvis .   G - staff of conjuration
rCold   . . .      Faith    .   K - +0 kite shield
rNeg    . . .      Spirit   .   (armour unavailable)
rPois   .          Reflect  .   (helmet restricted)
rElec   .          Harm     .   x - +0 cloak
rCorr   .          Rampage  .   (no gloves)
Will    .....                   k - +2 pair of boots {Fly}
Stlth   ++........              (no amulet)
HPRegen 0.25/turn               e - +6 ring of intelligence
MPRegen 0.19/turn               I - ring of wizardry

@: flying
A: breathe steam, AC +7, unfitting armour, cold-blooded, steam resistance
a: Breathe Steam, Renounce Religion


You were on level 11 of the Dungeon.
You worshipped Vehumet.
Vehumet was most pleased with you.
You visited 2 branches of the dungeon, and saw 14 of its levels.

You collected 603 gold pieces.
You spent 325 gold pieces at shops.

Inventory:

Hand Weapons
 C - a +2 trident of venom
Armour
 k - a +2 pair of boots of flying (worn)
 x - a +0 cloak (worn)
 D - a +0 buckler of positive energy
 K - a +0 kite shield (worn)
Magical Staves
 G - a staff of conjuration (weapon)
Jewellery
 e - a +6 ring of intelligence (left hand)
 r - an amulet of guardian spirit
 I - a ring of wizardry (right hand)
 N - a +6 ring of strength
Wands
 f - a wand of iceblast (3)
 H - a wand of polymorph (6)
 L - a wand of acid (6)
 M - a wand of digging (4)
Scrolls
 a - a scroll of fear {unknown}
 b - 2 scrolls of amnesia
 d - a scroll of vulnerability
 g - a scroll of torment {unknown}
 h - 3 scrolls of enchant weapon
 n - 2 scrolls of teleportation {unknown}
 o - 2 scrolls of summoning
 p - 2 scrolls of noise {unknown}
 s - 2 scrolls of silence
 w - a scroll of enchant armour
 y - 2 scrolls of immolation {unknown}
 z - 2 scrolls of blinking {unknown}
 B - 3 scrolls of identify
 E - a scroll of fog {unknown}
 J - a scroll of brand weapon {unknown}
Potions
 c - 3 potions of curing
 i - 2 potions of heal wounds
 j - 2 potions of flight
 l - a potion of might
 m - 3 potions of ambrosia
 q - a potion of haste
 t - 2 potions of mutation {unknown}
 u - a potion of cancellation {unknown}
 v - 6 potions of attraction {unknown}
 A - 2 potions of invisibility {unknown}
 F - a potion of berserk rage {unknown}


   Skills:
 - Level 8.0 Fighting
 - Level 2.0 Dodging
 - Level 2.0 Stealth
 + Level 8.5 Shields
 + Level 9.5 Spellcasting
 + Level 9.8 Conjurations
 - Level 4.0 Hexes
 - Level 4.0 Fire Magic


You had one spell level left.
You knew the following spells:

 Your Spells              Type           Power      Damage    Failure   Level
a - Magic Dart            Conj           100%       1d8       1%          1
b - Searing Ray           Conj           100%       2d8       1%          2
c - Fulminant Prism       Conj/Hex       34%        3d16      1%          4
d - Iskenderun's Mystic   Conj/Tloc      59%        2d12      1%          4
e - Iskenderun's Battles  Conj           82%        2d13      1%          5
f - Fireball              Conj/Fire      34%        3d14      1%          5
g - Orb of Destruction    Conj           41%        9d14      16%         7

Your spell library contained the following spells:

 Spells                   Type           Power      Damage    Failure   Level
 Static Discharge         Conj/Air       59%        N/A       1%          2
 Animate Skeleton         Necr           26%        N/A       4%          1
 Apportation              Tloc           26%        N/A       4%          1
 Beastly Appendage        Tmut           26%        N/A       4%          1
 Summon Small Mammal      Summ           52%        N/A       4%          1
 Dazzling Flash           Conj/Hex       100%       N/A       1%          3
 Portal Projectile        Hex/Tloc       50%        N/A       5%          3
 Wereblood                Tmut           13%        N/A       6%          2
 Call Canine Familiar     Summ           13%        N/A       12%         3
 Spider Form              Tmut/Pois      13%        N/A       12%         3
 Leda's Liquefaction      Hex/Erth       12%        N/A       16%         4
 Conjure Ball Lightning   Conj/Air       29%        3x3d8     21%         6
 Summon Lightning Spire   Summ/Air       13%        N/A       34%         4
 Storm Form               Tmut/Air       6%         N/A       100%        7
 Maxwell's Capacitive Co  Air            6%         ∞         100%        8


Dungeon Overview and Level Annotations

Branches:
Dungeon (13/15)            Temple (1/1) D:5            Lair (0/6) D:8
    Orc (0/2) D:11
 Vaults: D:13-14

Altars:
Ashenzari
Cheibriados
Dithmenos
Elyvilon
Fedhas
Gozag
Kikubaaqudgha
Makhleb
Nemelex Xobeh
Okawaru
Qazlal
Sif Muna
Trog
Uskayaw
Vehumet
Wu Jian
Xom
Zin
The Shining One

Shops:
D:1 :   D:5 *


Innate Abilities, Weirdness & Mutations

You can breathe blasts of scalding, opaque steam.
Your pale cyan-grey scales are hard. (AC +7)
You cannot fit into any form of body armour.
You are cold-blooded and may be slowed by cold attacks.
You are immune to the effects of steam.


Message History

The searing ray hits the boulder beetle.
The boulder beetle is lightly wounded.
Your battlesphere fires!
The barrage of energy hits the boulder beetle but does no damage.
The boulder beetle is lightly wounded.
The boulder beetle bites you!
The searing ray hits the boulder beetle but does no damage.
The boulder beetle is lightly wounded.
You finish channelling your searing ray.
Your battlesphere fires!
The barrage of energy hits the boulder beetle.
The boulder beetle is lightly wounded.
Your battlesphere expends the last of its energy and dissipates.
The boulder beetle bites you but does no damage.
Aiming: Breathe Steam (1% risk of failure)
Press: ? - help, Shift-Dir - straight line, f/p - boulder beetle
Aim: a boulder beetle (lightly wounded)
You exhale a blast of scalding steam.
The ball of steam hits the boulder beetle but does no damage.
The boulder beetle is lightly wounded.
You block the boulder beetle's attack.
The boulder beetle curls into a ball and begins rolling!
The boulder beetle hits you but does no damage.
The boulder beetle stops rolling and uncurls.
Things that are here:
a +0 club; a +0 chain mail The boulder beetle curls into a ball and begins rolling!
You have got your breath back.
Things that are here:
a +0 short sword of venom; a +0 leather armour You see here a +0 mace.
The boulder beetle hits you!!!
Ouch! That really hurt!
* * * LOW HITPOINT WARNING * * *
The boulder beetle stops rolling and uncurls.
The boulder beetle curls into a ball and begins rolling!
You see here a +2 dagger of holy wrath.
The boulder beetle hits you!!!
Ouch! That really hurt!
You die...

#....##..##.#####..#####..
.... #......)....## ##.
#.###.##..)..## ## #.#
#.#...)...# # #.#
#.°....)..# ### #.#
###°......# #.. #.#
##○)...## #.#
#.#######)..## #.#
#.<@B○°°...## #.#
######.###.# #.#
####...##)#######..
+..................
####...##.#######..
##.....)...# #.#
#.###.###.###.# #.....#
#...... #+ #..######.###.#


You could see a boulder beetle (rolling).

Vanquished Creatures
  3 two-headed ogres
  Urug (D:10)
  A cyclops (D:11)
  2 gargoyles
  A komodo dragon (D:9)
  2 wraiths
  A human (D:11)
  9 yaks
  A steam dragon (D:8)
  Grum (D:8)
  Menkaure (D:4)
  4 wargs
  2 acid dragons (D:12)
  4 orc warriors
  2 ice beasts (D:7)
  A hornet zombie (D:5)
  A necrophage (D:8)
  3 ogres
  A black bear (D:5)
  A wolf (D:8)
  7 centaurs
  4 bullfrogs
  5 gnoll sergeants
  3 scorpions
  A wyvern zombie (D:7)
  A water moccasin skeleton (D:5)
  5 killer bees (D:11)
  3 wights (D:8)
  A bullfrog zombie (D:5)
  6 centaur zombies
  2 bullfrog skeletons
  2 gnoll shamans (D:8)
  4 jellies
  12 orc priests
  10 hounds
  A centaur skeleton (D:5)
  3 iguanas
  7 orc wizards
  2 killer bee zombies
  A hound skeleton (D:5)
  Robin (D:4)
  A howler monkey skeleton (D:5)
  2 howler monkey zombies (D:5)
  17 gnolls
  5 adders
  2 shadow imps
  A white imp (D:8)
  An ufetubus (D:4)
  An adder zombie (D:5)
  3 worms
  A dart slug (D:3)
  35 orcs
  8 ball pythons
  13 bats
  8 endoplasms
  3 giant cockroaches
  10 hobgoblins
  A jackal (D:8)
  4 kobolds
  5 quokkas
  A frilled lizard (D:1)
  18 goblins
  6 rats
  A fulminant prism (D:4)
270 creatures vanquished.

Vanquished Creatures (collateral kills)
  A goblin (D:4)
1 creature vanquished.

Vanquished Creatures (others)
  13 fulminant prisms
  A plant (D:8)
  7 withered plants (D:5)
21 creatures vanquished.

Grand Total: 292 creatures vanquished

Notes
Turn   | Place    | Note
-------+----------+-------------------------------------------
     0 | D:1      | Deminshera the Draconian Conjurer began the quest for the
                  | Orb.
     0 | D:1      | Reached XP level 1. HP: 14/14 MP: 3/3
   364 | D:1      | Reached XP level 2. HP: 9/20 MP: 0/5
   755 | D:1      | Found Goraguz's Book Emporium.
  1136 | D:1      | Learned a level 2 spell: Searing Ray
  1259 | D:1      | Reached XP level 3. HP: 26/26 MP: 2/6
  1696 | D:2      | Identified the +0 robe of Parlour Games {*Corrode rF- Dex+5
                  | Archmagi}
  3052 | D:3      | Reached XP level 4. HP: 33/33 MP: 6/8
  3057 | D:3      | Learned a level 4 spell: Fulminant Prism
  3750 | D:3      | Reached skill level 5 in Conjurations
  3750 | D:3      | Reached skill level 1 in Hexes
  4206 | D:3      | Found an ornate altar of the Wu Jian Council.
  4259 | D:4      | Reached XP level 5. HP: 38/38 MP: 5/10
  4526 | D:4      | Noticed an ogre
  4567 | D:3      | Killed an ogre
  4764 | D:4      | Reached XP level 6. HP: 44/45 MP: 4/11
  4844 | D:4      | Noticed Menkaure
  4905 | D:4      | Killed Menkaure
  5282 | D:4      | Noticed Robin
  5289 | D:4      | Killed Robin
  6088 | D:5      | Entered Level 5 of the Dungeon
  6107 | D:5      | Your scales start taking on a pale cyan-grey colour.
  6107 | D:5      | Reached XP level 7. HP: 50/50 MP: 4/13
  6107 | D:5      | Gained mutation: You are immune to the effects of steam.
                  | [Pale Draconian growth]
  7146 | D:5      | Found Olangeg's General Store.
  7157 | D:5      | Reached skill level 5 in Spellcasting
  7235 | D:5      | Found a stormy altar of Qazlal.
  7235 | D:5      | Found an opulent altar of Gozag.
  7591 | D:5      | Reached XP level 8. HP: 57/57 MP: 15/15
  7824 | D:5      | Found a staircase to the Ecumenical Temple.
  7831 | Temple   | Entered the Ecumenical Temple
  8086 | Temple   | Became a worshipper of Vehumet
  8321 | D:6      | Learned a level 4 spell: Iskenderun's Mystic Blast
  8325 | D:6      | Reached skill level 1 in Fighting
  9373 | D:6      | Reached skill level 5 in Fighting
  9395 | D:6      | Reached XP level 9. HP: 76/79 MP: 7/16
  9870 | D:7      | Reached skill level 1 in Shields
 10109 | D:7      | Reached * piety under Vehumet
 10109 | D:7      | Offered knowledge of Sandblast by Vehumet.
 10176 | D:7      | Identified the +1 scale mail "Vod Qoaps" {rN+}
 11129 | D:5      | Bought a staff of conjuration for 325 gold pieces
 11136 | D:5      | Learned a level 5 spell: Iskenderun's Battlesphere
 11194 | D:5      | Learned a level 5 spell: Fireball
 11246 | D:8      | Reached XP level 10. HP: 73/88 MP: 10/21
 11248 | D:8      | Reached ** piety under Vehumet
 11248 | D:8      | Offered knowledge of Freeze by Vehumet.
 11336 | D:8      | Reached skill level 5 in Shields
 11403 | D:8      | Found a staircase to the Lair.
 11947 | D:8      | Noticed Grum
 11953 | D:8      | Killed Grum
 12242 | D:8      | Found a shimmering blue altar of Sif Muna.
 12561 | D:9      | Noticed a two-headed ogre
 12568 | D:9      | Killed a two-headed ogre
 12569 | D:9      | Reached skill level 1 in Fire Magic
 12817 | D:9      | Noticed a gargoyle
 12821 | D:9      | Killed a gargoyle
 13600 | D:10     | Entered Level 10 of the Dungeon
 13706 | D:10     | Noticed Urug
 13713 | D:10     | Killed Urug
 13723 | D:10     | Noticed a two-headed ogre
 13748 | D:10     | Killed a two-headed ogre
 13749 | D:10     | Reached XP level 11. HP: 94/94 MP: 5/23
 14322 | D:10     | Identified the +10 mace of Waohy {protect, rN+}
 14775 | D:11     | You are sucked into a shaft and drop 2 floors!
 14956 | D:13     | Noticed a swamp dragon
 14956 | D:13     | a tarantella changed into a swamp dragon
 15910 | D:11     | Offered knowledge of Static Discharge by Vehumet.
 16129 | D:11     | Learned a level 7 spell: Orb of Destruction
 16205 | D:11     | Found a staircase to the Orcish Mines.
 16739 | D:11     | Noticed a sea snake
 16762 | D:11     | Noticed a two-headed ogre
 16775 | D:11     | Killed a two-headed ogre
 17025 | D:11     | Reached *** piety under Vehumet
 17159 | D:11     | Noticed a boulder beetle
 17230 | D:11     | HP: 4/94 [boulder beetle (53)]
 17234 | D:11     | Annihilated by a boulder beetle

Illustrated notes

Levels and vault maps discovered:
D:1:      matt_arrival_refuge, layout_basic, serial_shops,
          nicolae_shop_temple_entry_statues_fountains, dk_noncrumbling_2,
          minivault_26
D:2:      layout_basic
D:3:      layout_rooms, pdpol_wu_jian_five_deadly_venoms
D:4:      layout_basic, uniq_menkaure, uniq_robin
D:5:      layout_loops_ring, nicolae_overflow_hidden_temple,
          minmay_temple_entry_enclosed_plants, serial_shops,
          nicolae_stop_n_shop_1, serial_undead, serial_undead_b,
          serial_undead_f, serial_undead_d, serial_undead_c
D:6:      layout_cave_pools
D:7:      layout_rooms
D:8:      layout_cave_pools, mainiacjoe_overflow_alcove_4,
          erik_lair_orcish_takeover, serial_gnoll_camp, gnoll_camp_mini_hut,
          gnoll_camp_mini_house, grums_kennel, gnoll_camp_mini_hut,
          gnoll_camp_mini_basic, amcnicky_mini_pool_small, uniq_grum
D:9:      layout_rooms
D:10:     layout_basic, uniq_urug
D:11:     layout_loops_corners, erik_orc_4, serial_aquarium,
          aquarium_bridge_square [aquarium_subvault_balcony,
          aquarium_subvault_bridge, aquarium_subvault_bridge,
          aquarium_subvault_window], aquarium_bridge_square
          [aquarium_subvault_bridge, aquarium_subvault_bridge,
          aquarium_subvault_bridge, aquarium_subvault_bridge],
          aquarium_window_fake, aquarium_window_corner, aquarium_view_2b
D:12:     layout_roguey
D:13:     layout_basic, hangedman_vaults_entry_quadrant_bands, st_stairs_5,
          minmay_misc_feat_alley, yredelemnul_altar_generic, uniq_erolcha
Temple:   regret_index_temple_generic_petals

Skill      XL: |  1  2  3  4  5  6  7  8  9 10 11 |
---------------+----------------------------------+-----
Stealth        | 2 |  2.0
Dodging        | 2 |  2.0
Spellcasting   | 3 4 5 7 8 9 |  9.5
Conjurations   | 5 6 7 8 9 |  9.8
Hexes          | 1 2 3 4 |  4.0
Fighting       | 7 8 |  8.0
Shields        | 4 7 8 |  8.5
Fire Magic     | 3 4 |  4.0

Action                   |  1- 3 |  4- 6 |  7- 9 | 10-12 || total
-------------------------+-------+-------+-------+-------++-------
Melee: Unarmed           |    19 |     5 |       |       ||    24
       Tailslap          |     1 |     1 |     7 |       ||     9
       Dagger            |       |       |    14 |       ||    14
       Punch             |       |       |     1 |       ||     1
       Trident           |       |       |    51 |       ||    51
       Staff             |       |       |       |     4 ||     4
 Cast: Magic Dart        |    85 |   125 |    32 |   191 ||   433
       Fulminant Prism   |       |     2 |    12 |       ||    14
       Searing Ray       |       |     5 |    15 |     6 ||    26
       Iskenderun's Myst |       |       |     3 |       ||     3
       Iskenderun's Batt |       |       |     2 |    44 ||    46
       Fireball          |       |       |     1 |    12 ||    13
 Abil: Breathe Steam     |       |       |    43 |    13 ||    56
  Use: Scroll            |     1 |     7 |     2 |     4 ||    14
       Potion            |       |       |       |     5 ||     5
Armor: Skin              |    10 |    21 |    47 |    24 ||   102
Dodge: Dodged            |    16 |    29 |    90 |    48 ||   183
Block: Kite shield       |       |       |       |    20 ||    20

Table legend: (Time is in decaauts)
 A = Elapsed time spent in this place.
 B = Non-inter-level travel time spent in this place.
 C = Inter-level travel time spent in this place.
 D = Time resting spent in this place.
 E = Time spent auto-exploring this place.
 F = Levels seen in this place.
 G = Mean time per level.
                   A        B        C        D        E       F      G
               +--------+--------+--------+--------+--------+-----+--------+
         Total |  17245 |  16820 |    425 |   8104 |   6598 |  14 | 1231.8 |
       Dungeon |  16980 |  16563 |    417 |   8104 |   6368 |  13 | 1306.2 |
        Temple |    264 |    256 |      8 |      0 |    230 |   1 |  264.0 |
               +--------+--------+--------+--------+--------+-----+--------+

Top non-repeatable levels by time:
    D:11: 1890 daAuts
     D:3: 1852 daAuts
     D:1: 1719 daAuts
     D:5: 1582 daAuts
     D:4: 1487 daAuts
     D:6: 1474 daAuts
     D:2: 1448 daAuts
     D:8: 1413 daAuts
     D:7: 1349 daAuts
    D:10: 1174 daAuts
     D:9: 1039 daAuts
    D:12: 373 daAuts
  Temple: 264 daAuts
    D:13: 176 daAuts
